 Dungeon Sprint DCSS version 0.31-a0-844-gdc52ec4e09 (webtiles) character file.

Game seed: 9407665727988168003

22227 sircluck the Brawler (level 12, -29/146 HPs)
             Began as a Troll Berserker on Sept 30, 2023.
             Was a High Priest of Trog.
             Annihilated by Frances
             ... wielding a +3 glaive of distortion
              (37 damage)
             ... in the Dungeon (Sprint VII: "The Pits").
             The game lasted 00:06:47 (1744 turns).

sircluck the Brawler (Troll Berserker)              Turns: 1744, Time: 00:06:48

Health: -29/146    AC:  4    Str: 38    XL:     12   Next: 61%
Magic:  1/11       EV: 14    Int:  3    God:    Trog [*****.]
Gold:   37         SH:  5    Dex:  9    Spells: 11/11 levels left

rFire   . .          .
                       - Unarmed
rCold   + . .        (no shield)
rNeg    + . .        a - +0 animal skin
rPois   +            (helmet restricted)
rElec   .            (no cloak)
rCorr   +            (gloves unavailable)
SInv    .            (boots unavailable)
Will    .....        x - amulet of the Blue Tangerine {Reflect rPois rC+ rN+ rCorr SH+5}
Stlth   +            A - ring "Yjygazurgh" {Str+3 Slay+4}
HPRegen 1.24/turn    m - +3 ring of strength
MPRegen 0.12/turn

%: no teleportation, reflection
@: on berserk cooldown, slowed, invisible, very slow
A: large, unfitting armour, claws 3, regeneration 1, shaggy fur 1, tough skin 1
a: Renounce Religion, Berserk, Trog's Hand, Brothers in Arms


You were in the Dungeon.
You worshipped Trog.
Trog was extremely pleased with you.
You visited 1 branch You collected 37 gold pieces.

Inventory:

Missiles
 k - 7 poisoned darts (quivered)
Armour
 a - a +0 animal skin (worn)
Jewellery
 l - a +3 ring of evasion
 m - a +3 ring of strength (right claw)
 u - a ring of positive energy
 v - a ring of protection from cold
 x - the amulet of the Blue Tangerine (around neck) {Reflect rPois rC+ rN+ rCorr SH+5}
   (You took it off a black draconian in the Dungeon)

   [amulet of reflection]

   Reflect:   It reflects blocked missile attacks.
   rC+:       It protects you from cold.
   rPois:     It protects you from poison rN+: It protects you from negative
   energy.
   rCorr:     It protects you from acid and corrosion.
   SH+5:      It affects your SH (+5).
 A - the ring "Yjygazurgh" (left claw) {Str+3 Slay+4}
   (You found it in the Dungeon)

   [ring of slaying]

   Str+3:     It affects your strength (+3).
   Slay+4:    It affects your accuracy & damage with ranged weapons and melee
   (+4).
Wands
 y - a wand of iceblast (8)
 z - a wand of charming (6)
Scrolls
 g - 3 scrolls of identify
 i - 2 scrolls of vulnerability
 j - a scroll of butterflies
 p - 6 scrolls of enchant armour
 q - 2 scrolls of enchant weapon
 r - a scroll of blinking
 s - a scroll of fog
Potions
 b - 8 potions of curing
 c - 9 potions of heal wounds
 d - 4 potions of haste
 e - 5 potions of magic
 f - 7 potions of berserk rage
 h - a potion of invisibility
 n - 6 potions of mutation
 o - 2 potions of might
 w - a potion of cancellation


   Skills:
 + Level 16.6 Fighting
 + Level 16.4 Dodging
 + Level 19.2 Unarmed Combat


You had 11 spell levels left.
You didn't know any spells.
Your spell library was empty.

Dungeon Overview and Level Annotations

Branches:
Dungeon (1/1)

Altars:
Ashenzari
Cheibriados
Dithmenos
Elyvilon
Fedhas
Gozag
Hepliaklqana
Kikubaaqudgha
Makhleb
Nemelex Xobeh
Okawaru
Qazlal
Ru
Sif Muna
Trog
Uskayaw
Vehumet
Wu Jian
Xom
Yredelemnul
Zin
The Shining One
Jiyva
Lugonu

Annotations:
D Frances


Innate Abilities, Weirdness & Mutations

You are too large for most types of armour.
You have claws for hands.
Your natural rate of healing is unusually fast.
You are covered in fur. (AC +1)
You have tough skin. (AC +1)


Message History

Unknown command.
Unknown command.
You mangle the wolf spider!!
The wolf spider is moderately wounded.
The wolf spider hits you!! The wolf spider bites you!
You claw the wolf spider!
The wolf spider is severely wounded.
You barely miss the wolf spider. You claw the wolf spider!
You kill the wolf spider!
Trog accepts your kill. Trog grants you a weapon!
Something appears at your feet!
You see here a +5 heavy quarterstaff.
Frances hits you from afar with a +3 glaive of distortion!!
Unknown command.
Unknown command.
A rime drake and a vampire come into view.
The rime drake bites you but does no damage.
Frances hits you with a +3 glaive of distortion!!
* * * LOW HITPOINT WARNING * * *
Space warps horribly around you!!
* * * LOW HITPOINT WARNING * * *
There is an open door, spattered with blood here.
Things that are here:
a +0 mace; a wolf spider corpse; an orc corpse You claw Frances!
Frances is lightly wounded.
You block the rime drake's attack. Frances attacks as she pursues you!
Frances barely misses you.
An adder simulacrum comes into view.
You feel a strong urge to attack something.
You are no longer berserk.
You are exhausted.
You feel yourself slow down.
You fade into invisibility!
The rime drake breathes ice at you.
The icy flash freeze hits Frances!
Frances is flash-frozen.
Frances hits you from afar with a +3 glaive of distortion!!
* * * LOW HITPOINT WARNING * * *
Frances hits you from afar with a +3 glaive of distortion!!!
You die...

## #..#. ## #.# #.... #.# #s#
#.... #Z# #h# ###'' #V# #o# ###''
#k#)# #.... #..#####@#########
#.#'# #######.....))).........
#.#|$ ____.##......)..@.......
#.+|. ____.###########''######
#.#::
__...###########''###########.'..
####'##................##..##.##)
)))'.##......#..#......##..##.)†.
####.##................''..######
.....)'................''..######
#'#####......#..#......##........
#)#..##)...............##........


You could see Frances (frozen), a rime drake (unable to see you, catching
breath), a vampire and an adder simulacrum (unable to see you).

Vanquished Creatures
  2 emperor scorpions (D)
  An orc warlord (D)
  A black draconian (D)
  Erolcha (D)
  An alligator snapping turtle (D)
  A death knight (D)
  An anaconda (D)
  A boulder beetle (D)
  A vampire mage (D)
  A wizard (D)
  A wolf spider (D)
  An elephant (D)
  2 yaktaurs (D)
  A rime drake (D)
  A freezing wraith (D)
  A wandering mushroom (D)
  A tarantella (D)
  A flying skull (D)
  2 shadows (D)
  2 wyverns (D)
  2 steam dragons (D)
  A redback (D)
  5 hell hounds (D)
  A water moccasin (D)
  A floating eye (D)
  5 wolves (D)
  2 kobold brigands (D)
  A gnoll sergeant (D)
  2 necrophages (D)
  A scorpion (D)
  3 wights (D)
  An orc priest (D)
  An iron imp (D)
  An iguana (D)
  An orc wizard (D)
  A mummy (D)
  5 gnolls (D)
  2 river rats (D)
  An orc (D)
  2 bats (D)
  3 kobolds (D)
  A quokka (D)
  2 ball pythons (D)
  A giant cockroach zombie (D)
  2 rats (D)
72 creatures vanquished.

Vanquished Creatures (collateral kills)
  A bone dragon (D)
  A fire dragon (D)
  2 hydras (D)
  An alligator (D)
  An anaconda (D)
  A boulder beetle (D)
  A soul eater (D)
  A necromancer (D)
  A deep elf pyromancer (D)
  2 manticores (D)
  A molten gargoyle (D)
  An orange demon (D)
  2 freezing wraiths (D)
  A red devil (D)
  A hellwing (D)
  2 snapping turtles (D)
  2 redbacks (D)
  A warg (D)
  A water moccasin (D)
  A centaur (D)
  2 wolves (D)
  2 bullfrogs (D)
  A wight (D)
  An orc priest (D)
  An orc wizard (D)
  An ufetubus (D)
  An adder skeleton (D)
  2 orcs (D)
36 creatures vanquished.

Vanquished Creatures (others)
  A swamp drake (D)
1 creature vanquished.

Grand Total: 109 creatures vanquished

Notes
Turn   | Place    | Note
-------+----------+-------------------------------------------
     0 | D        | sircluck the Troll Berserker began the quest for the Orb.
     0 | D        | Reached XP level 1. HP: 22/22 MP: 0/0
    21 | D        | Reached XP level 2. HP: 27/31 MP: 1/1
    25 | D        | Found a bloodstained altar of Trog.
    25 | D        | Found a shimmering blue altar of Sif Muna.
    25 | D        | Found a viscous altar of Jiyva.
    25 | D        | Found a hazy altar of Hepliaklqana.
    25 | D        | Found an opulent altar of Gozag.
    26 | D        | Found a glowing golden altar of the Shining One.
    26 | D        | Found a glowing silver altar of Zin.
    26 | D        | Found a basalt altar of Yredelemnul.
    26 | D        | Found a shimmering altar of Xom.
    26 | D        | Found an ornate altar of the Wu Jian Council.
    26 | D        | Found a sacrificial altar of Ru.
    26 | D        | Found a stormy altar of Qazlal.
    26 | D        | Found an iron altar of Okawaru.
    26 | D        | Found a sparkling altar of Nemelex Xobeh.
    26 | D        | Found a burning altar of Makhleb.
    26 | D        | Found a blossoming altar of Fedhas.
    26 | D        | Found a white marble altar of Elyvilon.
    26 | D        | Found a shadowy altar of Dithmenos.
    26 | D        | Found a snail-covered altar of Cheibriados.
    30 | D        | Found a corrupted altar of Lugonu.
    30 | D        | Found a radiant altar of Vehumet.
    31 | D        | Found a broken altar of Ashenzari.
    31 | D        | Found an ancient bone altar of Kikubaaqudgha.
    31 | D        | Found a hide-covered altar of Uskayaw.
    68 | D        | Noticed a scorpion
    73 | D        | Killed a scorpion
    74 | D        | Reached skill level 5 in Unarmed Combat
    74 | D        | Reached XP level 3. HP: 33/40 MP: 2/2
    76 | D        | Reached ** piety under Trog
    90 | D        | Reached XP level 4. HP: 49/49 MP: 3/3
    98 | D        | Reached *** piety under Trog
   149 | D        | Noticed a flying skull
   168 | D        | Reached **** piety under Trog
   169 | D        | Reached skill level 5 in Fighting
   169 | D        | Reached skill level 5 in Dodging
   169 | D        | Reached skill level 6 in Unarmed Combat
   179 | D        | Noticed a kobold brigand
   181 | D        | Reached XP level 5. HP: 48/57 MP: 4/4
   196 | D        | Reached ***** piety under Trog
   197 | D        | Reached skill level 7 in Unarmed Combat
   235 | D        | Killed a flying skull
   236 | D        | Reached skill level 8 in Unarmed Combat
   236 | D        | Reached XP level 6. HP: 35/71 MP: 5/5
   294 | D        | Noticed a floating eye
   296 | D        | Paralysed by a floating eye for 2 turns
   300 | D        | Reached skill level 9 in Unarmed Combat
   301 | D        | Reached XP level 7. HP: 72/79 MP: 6/6
   313 | D        | Noticed an alligator snapping turtle
   313 | D        | Noticed an elephant
   423 | D        | Killed an elephant
   423 | D        | Received a gift from Trog
   424 | D        | Reached skill level 10 in Unarmed Combat
   425 | D        | Reached XP level 8. HP: 91/92 MP: 7/7
   436 | D        | Killed an alligator snapping turtle
   437 | D        | Reached skill level 11 in Unarmed Combat
   573 | D        | Reached skill level 10 in Fighting
   580 | D        | Reached skill level 10 in Dodging
   584 | D        | Received a gift from Trog
   618 | D        | Noticed a boulder beetle
   618 | D        | Noticed an anaconda
   618 | D        | Noticed a freezing wraith
   623 | D        | Killed an anaconda
   624 | D        | Reached skill level 12 in Unarmed Combat
   624 | D        | Reached XP level 9. HP: 102/102 MP: 8/8
   626 | D        | Killed a boulder beetle
   627 | D        | Reached skill level 13 in Unarmed Combat
   631 | D        | Killed a freezing wraith
   636 | D        | Reached ****** piety under Trog
   655 | D        | Noticed a boulder beetle
   661 | D        | Killed a boulder beetle
   661 | D        | Received a gift from Trog
   662 | D        | Reached XP level 10. HP: 101/115 MP: 9/9
   665 | D        | Reached skill level 14 in Unarmed Combat
   744 | D        | Received a gift from Trog
   761 | D        | Noticed Erolcha
   792 | D        | Noticed a six-headed hydra
   798 | D        | Killed a seven-headed hydra
   799 | D        | Reached skill level 15 in Unarmed Combat
   819 | D        | Noticed a deep elf pyromancer
   819 | D        | Noticed a manticore
   821 | D        | Killed a deep elf pyromancer
   821 | D        | Received a gift from Trog
   832 | D        | Killed a manticore
   832 | D        | Received a gift from Trog
   833 | D        | Reached XP level 11. HP: 117/127 MP: 10/10
   846 | D        | Received a gift from Trog
   852 | D        | Reached skill level 16 in Unarmed Combat
   860 | D        | Killed Erolcha
   925 | D        | Received a gift from Trog
  1213 | D        | Noticed a five-headed hydra
  1215 | D        | Killed a five-headed hydra
  1234 | D        | Noticed a death knight
  1237 | D        | Received a gift from Trog
  1248 | D        | Killed a death knight
  1401 | D        | Noticed a wizard
  1408 | D        | Killed a wizard
  1409 | D        | Reached skill level 17 in Unarmed Combat
  1456 | D        | Noticed an emperor scorpion
  1463 | D        | Killed an emperor scorpion
  1466 | D        | Reached skill level 15 in Fighting
  1568 | D        | Noticed a fire dragon
  1568 | D        | Noticed a black draconian
  1568 | D        | Noticed a soul eater
  1572 | D        | Killed a fire dragon
  1573 | D        | Reached skill level 15 in Dodging
  1574 | D        | Received a gift from Trog
  1576 | D        | Killed a soul eater
  1576 | D        | Noticed an emperor scorpion
  1580 | D        | Identified the amulet of the Blue Tangerine {Reflect rPois
                  | rC+ rN+ rCorr SH+5}
  1588 | D        | Killed an emperor scorpion
  1589 | D        | Reached skill level 18 in Unarmed Combat
  1589 | D        | Reached XP level 12. HP: 143/143 MP: 11/11
  1594 | D        | Killed a black draconian
  1604 | D        | Got the ring "Yjygazurgh" {Str+3 Slay+4}
  1651 | D        | Acquired 679 gold pieces
  1708 | D        | Noticed an anaconda
  1708 | D        | Noticed an alligator
  1711 | D        | Killed an alligator
  1711 | D        | Identified the +8 mace of Okawaru's Scorn {vamp, rF+}
  1714 | D        | Noticed a bone dragon
  1717 | D        | Identified the +7 hand axe of Peace {flame, rElec Dex+3}
  1722 | D        | Noticed a vampire mage
  1722 | D        | Killed a bone dragon
  1723 | D        | Noticed an orc warlord
  1731 | D        | Killed an orc warlord
  1731 | D        | Received a gift from Trog
  1732 | D        | Noticed Frances
  1733 | D        | Reached skill level 19 in Unarmed Combat
  1733 | D        | Killed an anaconda
  1736 | D        | Killed a vampire mage
  1739 | D        | Received a gift from Trog
  1744 | D        | Annihilated by Frances

Illustrated notes

Levels and vault maps discovered:
D:        pitsprint [storerooms_1, entrance_room_1, metal_vault_3, armoury_3,
          mini_pit_1, grid_room_1, main_hall_1, silver_pit, the_coven_3,
          the_vestibule_1, steel_vault_2, golden_pit, hallway_of_sentries,
          crystal_vault_5, iron_vault_4, final_vault]

Skill      XL: |  1  2  3  4  5  6  7  8  9 10 11 12 |
---------------+-------------------------------------+-----
Fighting       | 3 4 5 7 9 10 11 13 15 16 | 16.6
Dodging        | 3 4 5 7 8 10 11 13 15 16 | 16.4
Unarmed Combat | 5 6 8 9 10 12 13 15 18 19 | 19.2

Action                     |  1- 3 |  4- 6 |  7- 9 | 10-12 || total
---------------------------+-------+-------+-------+-------++-------
  Melee: Unarmed           |    10 |    54 |    41 |   104 ||   209
         Punch             |       |       |     9 |     5 ||    14
  Throw: Dart              |       |     1 |       |       ||     1
 Invoke: Berserk           |       |       |     2 |     5 ||     7
         Brothers in Arms  |       |       |     1 |     8 ||     9
    Use: Potion            |       |       |       |     4 ||     4
         Scroll            |       |       |       |     2 ||     2
   Stab: Distracted        |       |       |       |     1 ||     1
 Armour: Animal skin       |     6 |    33 |    29 |    72 ||   140
  Dodge: Dodged            |     3 |    25 |    30 |    66 ||   124
  Block: Other             |       |       |       |     2 ||     2

Table legend: (Time is in decaauts)
 A = Elapsed time spent in this place.
 B = Non-inter-level travel time spent in this place.
 C = Inter-level travel time spent in this place.
 D = Time resting spent in this place.
 E = Time spent auto-exploring this place.
 F = Levels seen in this place.
 G = Mean time per level.
                   A        B        C        D        E       F      G
               +--------+--------+--------+--------+--------+-----+--------+
         Total |   1742 |   1705 |     37 |    657 |    292 |   1 | 1742.0 |
       Dungeon |   1742 |   1705 |     37 |    657 |    292 |   1 | 1742.0 |
               +--------+--------+--------+--------+--------+-----+--------+

Top non-repeatable levels by time:
       D: 1742 daAuts
